 Dungeon Crawl Stone Soup version 0.21-a0-216-g6d3fd91 (webtiles) character file.

40 suicidejoker the Sneak (level 3, 0/16 HPs)
             Began as a Spriggan Enchanter on Aug 23, 2017.
             Slain by an orc
             ... wielding a +0 short sword
              (3 damage)
             ... on level 1 of the Dungeon.
             The game lasted 00:03:55 (1543 turns).

suicidejoker the Sneak (Spriggan Enchanter)         Turns: 1543, Time: 00:03:56

Health: 0/16       AC:  2    Str:  5    XL:     3   Next: 30%
Magic:  0/8        EV: 19    Int: 16    God:
Gold:   8          SH:  0    Dex: 16    Spells: 5/8 levels left

rFire    . . .     SeeInvis +   a - +1 dagger
rCold    . . .     Gourm    .   (shield restricted)
rNeg     . . .     Faith    .   b - +0 robe
rPois    .         Spirit   .   (helmet restricted)
rElec    .         Reflect  .   (no cloak)
rCorr    .         Harm     .   (gloves unavailable)
MR       .....     Rnd*Tele +   (boots unavailable)
Stlth    +++.......             l - amulet of regeneration
HPRegen  0.45/turn              j - ring of teleportation (curse)
MPRegen  0.11/turn              (no ring)

@: very slightly contaminated, very quick
A: unfitting armour, see invisible, herbivore 3, speed 3, slow metabolism 2
a: no special abilities


You were on level 1 of the Dungeon.
You were not hungry.

You visited 1 branch of the dungeon, and saw 2 of its levels.

You collected 8 gold pieces.

Inventory:

Hand Weapons
 a - a +1 dagger (weapon)
Armour
 b - a +0 robe (worn)
Jewellery
 j - a cursed ring of teleportation (left hand)
 l - an amulet of regeneration (around neck)
Scrolls
 e - 2 scrolls of teleportation {unknown}
 m - a scroll of random uselessness {unknown}
Potions
 g - a potion of degeneration {unknown}
 h - a potion of curing {unknown}
 i - a potion of magic {unknown}
 k - a potion of heal wounds {unknown}
Books
 c - a book of Maledictions

   Spells                             Type                      Level
   a - Corona                         Hexes                        1
   b - Ensorcelled Hibernation        Hexes/Ice                    2
   c - Confuse                        Hexes                        3
   d - Tukima's Dance                 Hexes                        3
   e - Dazzling Spray                 Conjuration/Hexes            3
Comestibles
 d - 2 bread rations
 f - a royal jelly


   Skills:
 + Level 0.2 Fighting
 + Level 1.4 Short Blades
 + Level 3.4 Dodging
 + Level 5.2 Stealth
 + Level 3.1 Spellcasting
 + Level 4.0 Hexes
 + Level 0.1 Ice Magic


You had 5 spell levels left.
You knew the following spells:

 Your Spells              Type           Power        Failure   Level  Hunger
a - Corona                Hex            ###....      3%          1    None
b - Ensorcelled Hibernat  Hex/Ice        #.....       12%         2    ##.....


Dungeon Overview and Level Annotations

Branches:
Dungeon (2/15)

Altars:


Innate Abilities, Weirdness & Mutations

You are very small and have problems with some larger weapons.
You are too small for most types of armour.
You have supernaturally acute eyesight. (SInv)
You are a herbivore.
You cover ground extremely quickly.
You need consume almost no food.


Message History

Aim: an orc priest, wielding a club (chance to defeat MR: 40%)
The orc priest resists with some effort.
The orc priest calls down the wrath of Beogh upon you.
Pain shoots through your body!
Ouch! That really hurt!
* * * LOW HITPOINT WARNING * * *
The orc barely misses you. The orc priest barely misses you.
You climb upwards.
There is a stone staircase leading down here.
Casting: Ensorcelled Hibernation
Confirm with . or Enter, or press ? or * to list all spells.
Aiming: Ensorcelled Hibernation
Press: ? - help, Shift-Dir - straight line, f - orc priest
Aim: an orc priest, wielding a club (chance to defeat MR: 40%)
You miscast Ensorcelled Hibernation.
You are very lightly contaminated with residual magic.
Your hands glow momentarily.
The orc priest closely misses you. The orc hits you with a short sword.
You die...

.......................####
...............##.......#
###..........#.##.......#
....##.....#.#.##.......#
....##..........#.......#
.)..##..........'.......#
....#####.......#######.#
....########.#.[oo......#
................@....####
....########.#.#####.#
.##.# ######.#.#.....#
.##.# #........#.#####
###.# #..........# # #.#
#.....)..###
###.###........#######
#....................#
#.............######.#


You could see an orc priest and an orc.

Vanquished Creatures
  An ooze (D:1)
  A dart slug (D:1)
  3 orcs
  3 bats (D:1)
  2 giant cockroaches (D:1)
  4 goblins (D:1)
  8 hobgoblins (D:1)
  A frilled lizard (D:1)
  2 kobolds (D:1)
  3 rats (D:1)
28 creatures vanquished.

Notes
Turn   | Place    | Note
-------+----------+-------------------------------------------
     0 | D:1      | suicidejoker the Spriggan Enchanter began the quest for the Orb.
     0 | D:1      | Reached XP level 1. HP: 9/9 MP: 5/5
   265 | D:1      | Reached XP level 2. HP: 5/13 MP: 7/7
   452 | D:1      | Learned a level 2 spell: Ensorcelled Hibernation
  1269 | D:1      | Reached skill level 5 in Stealth
  1269 | D:1      | Reached XP level 3. HP: 12/16 MP: 2/8
  1543 | D:1      | Slain by an orc

Vault maps used:
D:1:      dpeg_arrival_rooms_with_view
D:2:      cheibrodos_pilgrimage

Skill      XL: |  1  2 |
---------------+-------+-----
Spellcasting   | 3 |  3.1
Hexes          | 4 |  4.0
Stealth        | 5 |  5.2
Fighting       | |  0.2
Short Blades   | |  1.4
Dodging        | |  3.4
Ice Magic      | |  0.1

Action                   || total
-------------------------++-------
Melee: Dagger            ||   133
 Cast: Ensorcelled Hiber ||    19
 Stab: Sleeping          ||    14
       Distracted        ||     2
Armor: Robe              ||    14
Dodge: Dodged            ||   114

Table legend:
 A = Spawn XP
 B = Non-spawn XP
 C = Spawn XP percentage of total XP
 D = Spawn monster count
 E = Non-spawn monster count
 F = Spawn count percentage of total count
 G = Total turns spent on level
                    A         B        C        D         E        F      G
               +---------+---------+-------+---------+---------+-------+---------
         Total |      14 |      44 |  24.1 |       5 |      23 |  17.9 |  1543
               +---------+---------+-------+---------+---------+-------+---------
           D:1 |      14 |      38 |  26.9 |       5 |      21 |  19.2 |  1502
           D:2 |       0 |       6 |   0.0 |       0 |       2 |   0.0 |    41
               +---------+---------+-------+---------+---------+-------+---------
